Sabres vs Stars
Created - 1 avril 2017 at 19:14
Goals
|
| Sabres |
0 |
1 |
2 |
3 |
| Stars |
0 |
2 |
3 |
5 |
|
Shots
|
| Sabres |
11 |
11 |
8 |
30 |
| Stars |
4 |
11 |
18 |
33 |
|
1st period
No Goal
Penalties :
Chris Kunitz (Dal) for Interference (Minor) at 12:15
2nd period
1. Stars , Radim Vrbata 23 (Trevor Daley, Brian Lee) at 0:08
2. Sabres , Zack Kassian 18 (J.T. Miller, Ryan O'Reilly) at 12:04 (PP)
3. Stars , Peter Worrell 14 (Michal Handzus, Brian Lee) at 14:14
Penalties :
Trevor Daley (Dal) for Hooking (Minor) at 1:37, Johnny Oduya (Dal) for Holding (Minor) at 11:35
3rd period
4. Sabres , Evander Kane 27 (Erik Christensen, Robin Lehner) at 8:21 (PP)
5. Sabres , Brandon Sutter 14 (Evander Kane, Kyle Okposo) at 8:35
6. Stars , Brian Lee 10 (Scott Hartnell, John Tavares) at 11:26 (PP)
7. Stars , Evgeny Artyukhin 16 (Michal Handzus) at 16:06
8. Stars , Evgeny Artyukhin 17 (Brian Lee, Trevor Daley) at 16:36
Penalties :
Zach Bogosian (Buf) for Hooking (Minor) at 0:17, Evander Kane (Buf) for Hooking (Minor) at 2:53, Ryan Getzlaf (Dal) for Tripping (Minor) at 7:17, Erik Christensen (Buf) for Roughing (Minor) at 11:18
Goalie Stats
Robin Lehner (Buf), 28 saves from 33 shots - (0,848), L, 26-25-2, 60:00 minutes
Miika Kiprusoff (Dal), 27 saves from 30 shots - (0,900), W, 10-6-0, 60:00 minutes
Players Stats for Sabres
Player Name G A P +/- PIM S H SB GA TA FO MP PP MP PK MP
------------------------------------------------------------------------------------
Brandon Sutter 1 0 1 1 0 4 0 0 0 1 9/14 15:35 0:00 0:29
Erik Christensen 0 1 1 -3 2 1 2 0 0 0 9/16 16:41 3:04 0:00
Evander Kane 1 1 2 1 2 6 2 0 2 1 0/1 19:29 3:04 0:51
J.T. Miller 0 1 1 -3 0 1 4 0 0 0 1/1 16:59 2:27 0:31
Jakub Kindl 0 0 0 -1 0 0 3 0 0 1 0/0 14:32 0:00 0:35
Jared Cowen 0 0 0 -1 0 0 0 0 0 1 0/0 16:26 0:00 2:29
Jaromir Jagr 0 0 0 -3 0 2 2 2 0 1 1/1 15:17 0:00 0:57
Jordan Leopold 0 0 0 -1 0 2 1 1 0 1 0/0 18:19 1:48 1:37
Kyle Okposo 0 1 1 1 0 1 3 0 0 1 0/1 17:43 3:04 0:00
Matt Martin 0 0 0 -1 0 0 2 0 0 0 1/1 11:55 0:00 0:00
Michael Kostka 0 0 0 -1 0 2 1 1 0 0 0/0 25:59 3:43 0:44
Mike Leclerc 0 0 0 0 0 0 0 1 0 1 0/0 10:41 0:00 1:49
Patrice Cormier 0 0 0 0 0 1 1 0 0 0 1/4 8:52 0:00 0:00
Patrik Elias 0 0 0 0 0 1 0 0 1 0 1/2 10:41 0:00 1:49
Randy Jones 0 0 0 -1 0 1 3 2 1 0 0/0 18:19 1:48 1:37
Ryan O'Reilly 0 1 1 -1 0 2 0 1 0 1 3/14 14:51 2:27 0:00
Zach Bogosian 0 0 0 -1 2 0 2 2 1 1 0/0 26:24 3:43 1:10
Zack Kassian 1 0 1 -1 0 6 0 1 2 0 1/3 17:08 2:27 1:46
Players Stats for Stars
Player Name G A P +/- PIM S H SB GA TA FO MP PP MP PK MP
------------------------------------------------------------------------------------
Andrei Markov 0 0 0 0 0 0 0 0 0 0 0/0 15:08 0:00 3:22
Brian Lee 1 3 4 3 0 4 5 4 1 0 0/0 26:32 2:35 2:09
Chris Kunitz 0 0 0 0 2 0 0 0 0 0 1/1 9:31 0:09 2:10
Evgeny Artyukhin 2 0 2 3 0 5 3 0 2 0 0/4 11:44 0:09 0:00
John Tavares 0 1 1 0 0 5 3 0 1 1 14/29 21:00 2:10 0:40
Johnny Oduya 0 0 0 0 2 1 2 1 0 3 0/0 18:19 1:31 0:00
Marcus Kruger 0 0 0 0 0 0 0 0 1 1 1/2 8:12 0:00 1:21
Michael Frolik 0 0 0 0 0 2 1 0 0 0 0/0 15:43 1:47 0:00
Michal Handzus 0 2 2 3 0 1 1 0 0 1 8/12 14:34 0:00 3:30
Paul Martin 0 0 0 0 0 2 1 2 2 0 0/0 20:54 1:31 2:09
Peter Worrell 1 0 1 3 0 1 2 0 1 0 1/1 12:26 0:00 1:37
Radim Vrbata 1 0 1 0 0 6 3 0 0 1 1/1 20:15 2:10 0:00
Ryan Getzlaf 0 0 0 0 2 1 4 1 1 0 5/8 15:42 1:47 0:00
Scott Hartnell 0 1 1 0 0 2 2 0 0 0 0/0 20:38 2:10 0:23
Scottie Upshall 0 0 0 0 0 3 4 0 0 0 0/0 16:03 1:47 0:00
Shaone Morrisonn 0 0 0 0 0 0 0 0 0 0 0/0 14:57 0:00 3:22
T.J. Oshie 0 0 0 0 0 0 4 0 0 0 0/0 8:34 0:09 1:21
Trevor Daley 0 2 2 3 2 0 4 0 1 0 0/0 24:13 2:35 0:00
3 Stars
1 - Brian Lee (Dal)
2 - Evgeny Artyukhin (Dal)
3 - Peter Worrell (Dal)
Power Play
Sabres - 2 on 4 Attempt(s) - 50,00%
Stars - 1 on 3 Attempt(s) - 33,33%
Penalty Kill
Sabres - 2 on 3 Attempt(s) - 66,67%
- Score 0 goal in Penalty Kill
Stars - 2 on 4 Attempt(s) - 50,00%
- Score 0 goal in Penalty Kill
Team Stat
Sabres - Hits : 26 - Faceoff Wins : 27 - Blocked Shots : 11 - Penalty Minutes : 6
Stars - Hits : 39 - Faceoff Wins : 31 - Blocked Shots : 8 - Penalty Minutes : 8
Official
Referees : Leggo Mike and Hasenfratz Mike
Linesman : Bryan Pancich and David Brisebois
Game Notes
No Game Note
Finance
Level 1 -- Attendance: 5633 (93,88%) -- Ticket Income 337 980 $
Level 2 -- Attendance: 4375 (87,50%) -- Ticket Income 218 750 $
Level 3 -- Attendance: 1391 (69,55%) -- Ticket Income 55 640 $
Level 4 -- Attendance: 2705 (67,63%) -- Ticket Income 67 625 $
Luxury Box -- Attendance: 955 (95,50%) -- Ticket Income 105 050 $
Game was played at the American Airlines Center.
Total Attendance: 15059 (83,66%)
Total Ticket Income: 785 045 $
Other Income: 117 757 $
Total Income: 902 802 $
Sabres
5 vs 5 Forward
Center Left Wing Right Wing Time % Phy DF OF
1 Brandon Sutter Evander Kane Kyle Okposo 32 1 2 2
2 Erik Christensen J.T. Miller Jaromir Jagr 28 1 2 2
3 Ryan O'Reilly Matt Martin Zack Kassian 26 1 3 1
4 Patrice Cormier Mike Leclerc Patrik Elias 14 1 3 1
5 vs 5 Defense
Defense Defense Time % Phy DF OF
1 Michael Kostka Zach Bogosian 40 1 3 1
2 Jordan Leopold Randy Jones 30 1 3 1
3 Jared Cowen Jakub Kindl 30 1 3 1
4 Jared Cowen Randy Jones 0 1 3 1
PowerPlay Forward
Center Left Wing Right Wing Time % Phy DF OF
1 Erik Christensen Evander Kane Kyle Okposo 60 1 1 3
2 Ryan O'Reilly J.T. Miller Zack Kassian 40 1 1 3
PowerPlay Defense
Defense Defense Time % Phy DF OF
1 Michael Kostka Zach Bogosian 65 1 2 2
2 Jordan Leopold Randy Jones 35 1 3 1
Penalty Kill 4 Players Forward
Center Wing Time % Phy DF OF
1 Patrik Elias Mike Leclerc 50 1 4 0
2 Evander Kane Zack Kassian 50 1 3 1
Penalty Kill 4 Players Defense
Defense Defense Time % Phy DF OF
1 Jared Cowen Zach Bogosian 65 1 4 0
2 Jordan Leopold Randy Jones 35 1 4 0
Penalty Kill - 3 Players Forward
Forward Time % Phy DF OF
1 Patrik Elias 60 0 5 0
2 Mike Leclerc 40 0 5 0
Penalty Kill - 3 Players Defense
Defense Defense Time % Phy DF OF
1 Jared Cowen Zach Bogosian 65 1 4 0
2 Jordan Leopold Randy Jones 35 1 4 0
4 vs 4 Forward
Center Wing Time % Phy DF OF
1 Erik Christensen Mike Leclerc 60 1 2 2
2 Evander Kane Zack Kassian 40 1 2 2
4 vs 4 Defense
Defense Defense Time % Phy DF OF
1 Jared Cowen Zach Bogosian 50 1 2 2
2 Jordan Leopold Randy Jones 50 1 3 1
Last Minutes Offensive
Center Left Wing Right Wing Defense Defense
Erik Christensen Evander Kane Kyle Okposo Michael Kostka Zach Bogosian
Last Minutes Defensive
Center Left Wing Right Wing Defense Defense
Brandon Sutter Mike Leclerc Jaromir Jagr Jordan Leopold Jared Cowen
Goaltenders
Starting : Robin Lehner
Backup : Jonas Hiller
Extra Forwards
Normal : Ryan O'Reilly, J.T. Miller, Evander Kane - PP : Brandon Sutter, Matt Martin - PK : Jaromir Jagr
Extra Defensemen
Normal : Jordan Leopold, Randy Jones, Zach Bogosian - PP : Jared Cowen - PK : Michael Kostka, Jakub Kindl
Penalty Shots
Evander Kane, Jaromir Jagr, Kyle Okposo, Mike Leclerc, Erik Christensen
Stars
5 vs 5 Forward
Center Left Wing Right Wing Time % Phy DF OF
1 John Tavares Scott Hartnell Radim Vrbata 38 0 2 3
2 Ryan Getzlaf Scottie Upshall Michael Frolik 30 1 2 2
3 Michal Handzus Peter Worrell Evgeny Artyukhin 20 1 2 2
4 Marcus Kruger Chris Kunitz T.J. Oshie 12 1 2 2
5 vs 5 Defense
Defense Defense Time % Phy DF OF
1 Brian Lee Trevor Daley 40 1 2 2
2 Paul Martin Johnny Oduya 33 1 2 2
3 Andrei Markov Shaone Morrisonn 20 1 3 1
4 Andrei Markov Shaone Morrisonn 7 1 3 1
PowerPlay Forward
Center Left Wing Right Wing Time % Phy DF OF
1 John Tavares Scott Hartnell Radim Vrbata 60 0 1 4
2 Ryan Getzlaf Scottie Upshall Michael Frolik 40 0 2 3
PowerPlay Defense
Defense Defense Time % Phy DF OF
1 Brian Lee Trevor Daley 60 0 2 3
2 Paul Martin Johnny Oduya 40 0 2 3
Penalty Kill 4 Players Forward
Center Wing Time % Phy DF OF
1 Michal Handzus Chris Kunitz 60 0 3 2
2 Marcus Kruger T.J. Oshie 40 0 3 2
Penalty Kill 4 Players Defense
Defense Defense Time % Phy DF OF
1 Andrei Markov Shaone Morrisonn 60 1 3 1
2 Paul Martin Brian Lee 40 1 3 1
Penalty Kill - 3 Players Forward
Forward Time % Phy DF OF
1 Michal Handzus 60 0 3 2
2 T.J. Oshie 40 0 3 2
Penalty Kill - 3 Players Defense
Defense Defense Time % Phy DF OF
1 Brian Lee Johnny Oduya 60 0 4 1
2 Paul Martin Trevor Daley 40 0 4 1
4 vs 4 Forward
Center Wing Time % Phy DF OF
1 John Tavares Scott Hartnell 60 1 2 2
2 Ryan Getzlaf Radim Vrbata 40 1 2 2
4 vs 4 Defense
Defense Defense Time % Phy DF OF
1 Brian Lee Johnny Oduya 60 1 2 2
2 Paul Martin Trevor Daley 40 1 2 2
Last Minutes Offensive
Center Left Wing Right Wing Defense Defense
John Tavares Scott Hartnell Radim Vrbata Brian Lee Johnny Oduya
Last Minutes Defensive
Center Left Wing Right Wing Defense Defense
John Tavares Scott Hartnell Radim Vrbata Brian Lee Johnny Oduya
Goaltenders
Starting : Miika Kiprusoff
Backup : Pascal Leclaire
Extra Forwards
Normal : Evgeny Artyukhin, Scottie Upshall, Michal Handzus - PP : Evgeny Artyukhin, Scottie Upshall - PK : Michal Handzus
Extra Defensemen
Normal : Andrei Markov, Shaone Morrisonn, Paul Martin - PP : Andrei Markov - PK : Shaone Morrisonn, Paul Martin
Penalty Shots
John Tavares, Scott Hartnell, Peter Worrell, Radim Vrbata, Ryan Getzlaf
% Time on Ice - Sabres
Lines # - Real PCT - Wanted PCT - Time Play
Normal Forward
1 - 29% - 32% - 14:39
2 - 30% - 28% - 14:57
3 - 24% - 26% - 11:55
4 - 18% - 14% - 8:52
Normal Defense
1 - 43% - 40% - 21:32
2 - 30% - 30% - 14:54
3 - 28% - 30% - 13:57
4 - 0% - 0% - 0:00
PP Forward
1 - 56% - 60% - 3:04
2 - 44% - 40% - 2:27
PP Defense
1 - 67% - 65% - 3:43
2 - 33% - 35% - 1:48
PK Forward
1 - 49% - 50% - 2:01
2 - 51% - 50% - 2:05
PK Defense
1 - 61% - 65% - 2:29
2 - 39% - 35% - 1:37
PK3 Forward
1 - 0% - 60%
2 - 0% - 40%
PK3 Defense
1 - 0% - 65%
2 - 0% - 35%
44 Forward
1 - 0% - 60%
2 - 0% - 40%
44 Defense
1 - 0% - 50%
2 - 0% - 50%
Last Minute Offensive - 0:00
Last Minute Defensive - 0:00
Total
Forward - 60:00
Defense - 60:00
|
% Time on Ice - Stars
Lines # - Real PCT - Wanted PCT - Time Play
Normal Forward
1 - 38% - 38% - 19:01
2 - 28% - 30% - 13:56
3 - 21% - 20% - 10:44
4 - 13% - 12% - 6:42
Normal Defense
1 - 43% - 40% - 21:34
2 - 34% - 33% - 17:14
3 - 18% - 20% - 9:09
4 - 5% - 7% - 2:26
PP Forward
1 - 57% - 60% - 2:19
2 - 43% - 40% - 1:47
PP Defense
1 - 63% - 60% - 2:35
2 - 37% - 40% - 1:31
PK Forward
1 - 76% - 60% - 4:10
2 - 24% - 40% - 1:21
PK Defense
1 - 61% - 60% - 3:22
2 - 39% - 40% - 2:09
PK3 Forward
1 - 0% - 60%
2 - 0% - 40%
PK3 Defense
1 - 0% - 60%
2 - 0% - 40%
44 Forward
1 - 0% - 60%
2 - 0% - 40%
44 Defense
1 - 0% - 60%
2 - 0% - 40%
Last Minute Offensive - 0:00
Last Minute Defensive - 0:00
Total
Forward - 60:00
Defense - 60:00
|
Play by Play
1st period
0:01 of 1st period - Brandon Sutter wins face-off versus John Tavares in neutral zone.
0:14 of 1st period - Brian Lee is hit by Kyle Okposo and loses puck.
0:25 of 1st period - Zach Bogosian is hit by Michael Frolik.
1:19 of 1st period - Mike Leclerc is hit by T.J. Oshie and loses puck.
1:30 of 1st period - Patrik Elias is hit by Ryan Getzlaf and loses puck.
1:59 of 1st period - Andrei Markov is hit by Patrice Cormier and loses puck.
3:05 of 1st period - Mike Leclerc is hit by Scottie Upshall and loses puck.
3:14 of 1st period - Wrist shot by Zach Bogosian.
3:14 of 1st period - Deflect By Patrik Elias.
3:14 of 1st period - Shot Misses the Net.
3:14 of 1st period - Puck is out of play.
3:15 of 1st period - Brandon Sutter wins face-off versus John Tavares in Stars zone.
3:26 of 1st period - Scott Hartnell is hit by Jordan Leopold and loses puck.
3:41 of 1st period - Zack Kassian is hit by Trevor Daley and loses puck.
4:12 of 1st period - Slapshot by Brian Lee.
4:12 of 1st period - Stopped by Robin Lehner with a rebound.
4:26 of 1st period - Wrist shot by Kyle Okposo.
4:26 of 1st period - Deflect By Paul Martin.
4:26 of 1st period - Shot Blocked by Paul Martin.
4:26 of 1st period - Puck is out of play.
4:27 of 1st period - Brandon Sutter wins face-off versus John Tavares in Stars zone.
4:40 of 1st period - Trevor Daley is hit by Randy Jones and loses puck.
4:51 of 1st period - Kyle Okposo is hit by Radim Vrbata and loses puck.
4:56 of 1st period - Snap shot by John Tavares.
4:56 of 1st period - Shot Misses the Net.
5:08 of 1st period - Slapshot by Evander Kane.
5:08 of 1st period - Shot Misses the Net.
5:12 of 1st period - Wrist shot by Kyle Okposo.
5:12 of 1st period - Shot Blocked by Johnny Oduya.
5:14 of 1st period - Wrist shot by Jordan Leopold.
5:14 of 1st period - Stopped by Miika Kiprusoff with a rebound.
5:32 of 1st period - Snap shot by Evander Kane.
5:32 of 1st period - Stopped by Miika Kiprusoff with a rebound.
5:34 of 1st period - Slapshot by Jordan Leopold.
5:34 of 1st period - Shot Blocked by Paul Martin.
5:36 of 1st period - Snap shot by Brandon Sutter.
5:36 of 1st period - Stopped by Miika Kiprusoff with a rebound.
5:38 of 1st period - Slapshot by Evander Kane.
5:38 of 1st period - Shot Misses the Net.
5:40 of 1st period - Wrist shot by Brandon Sutter.
5:40 of 1st period - Stopped by Miika Kiprusoff without a rebound.
5:41 of 1st period - Ryan O'Reilly wins face-off versus Evgeny Artyukhin in Stars zone.
6:13 of 1st period - Trevor Daley is hit by Erik Christensen and loses puck.
7:12 of 1st period - Jakub Kindl is hit by Peter Worrell and loses puck.
7:49 of 1st period - Wrist shot by Evgeny Artyukhin.
7:49 of 1st period - Shot Blocked by Randy Jones.
8:17 of 1st period - Zach Bogosian is hit by Johnny Oduya and loses puck.
8:27 of 1st period - Icing by Evander Kane.
8:28 of 1st period - Erik Christensen wins face-off versus Evgeny Artyukhin in Sabres zone.
8:28 of 1st period - Erik Christensen is hit by Peter Worrell.
8:58 of 1st period - Slapshot by Zach Bogosian.
8:58 of 1st period - Shot Misses the Net.
9:00 of 1st period - Slapshot by Patrice Cormier.
9:00 of 1st period - Deflect By Patrik Elias.
9:00 of 1st period - Shot Misses the Net.
9:00 of 1st period - Puck is out of play.
9:01 of 1st period - John Tavares wins face-off versus Ryan O'Reilly in Stars zone.
9:06 of 1st period - Snap shot by Radim Vrbata.
9:06 of 1st period - Stopped by Robin Lehner with a rebound.
9:28 of 1st period - Michael Frolik is hit by Jaromir Jagr and loses puck.
10:16 of 1st period - T.J. Oshie is hit by Randy Jones and loses puck.
10:29 of 1st period - Snap shot by Evander Kane.
10:29 of 1st period - Stopped by Miika Kiprusoff without a rebound.
10:30 of 1st period - Erik Christensen wins face-off versus John Tavares in Stars zone.
10:35 of 1st period - Wrist shot by Jaromir Jagr.
10:35 of 1st period - Stopped by Miika Kiprusoff without a rebound.
10:36 of 1st period - John Tavares wins face-off versus Erik Christensen in Stars zone.
11:01 of 1st period - Snap shot by Zack Kassian.
11:01 of 1st period - Stopped by Miika Kiprusoff without a rebound.
11:02 of 1st period - Ryan Getzlaf wins face-off versus Ryan O'Reilly in Stars zone.
11:15 of 1st period - Snap shot by Ryan Getzlaf.
11:15 of 1st period - Shot Blocked by Ryan O'Reilly.
11:17 of 1st period - Wrist shot by Michael Frolik.
11:17 of 1st period - Shot Misses the Net.
11:27 of 1st period - Scott Hartnell is hit by Zach Bogosian.
11:49 of 1st period - Slapshot by Evander Kane.
11:49 of 1st period - Stopped by Miika Kiprusoff with a rebound.
11:59 of 1st period - Wrist shot by Evander Kane.
11:59 of 1st period - Stopped by Miika Kiprusoff with a rebound.
12:15 of 1st period - Minor Penalty to Chris Kunitz for Interference.
12:16 of 1st period - Erik Christensen wins face-off versus Michal Handzus in Stars zone.
12:43 of 1st period - Icing by Michael Kostka.
12:44 of 1st period - Michal Handzus wins face-off versus Ryan O'Reilly in Sabres zone.
13:05 of 1st period - Wrist shot by Erik Christensen.
13:05 of 1st period - Deflect By Kyle Okposo.
13:05 of 1st period - Stopped by Miika Kiprusoff without a rebound.
13:06 of 1st period - Erik Christensen wins face-off versus Michal Handzus in Stars zone.
14:15 of 1st period - Penalty to Chris Kunitz is over, Chris Kunitz is back on ice.
14:51 of 1st period - Andrei Markov is hit by Jakub Kindl and loses puck.
16:46 of 1st period - Jared Cowen is hit by Michal Handzus and loses puck.
16:59 of 1st period - Randy Jones is hit by T.J. Oshie and loses puck.
17:08 of 1st period - Snap shot by T.J. Oshie.
17:08 of 1st period - Shot Misses the Net.
17:10 of 1st period - Snap shot by T.J. Oshie.
17:10 of 1st period - Shot Misses the Net.
17:25 of 1st period - Mike Leclerc is hit by John Tavares and loses puck.
17:46 of 1st period - Snap shot by Kyle Okposo.
17:46 of 1st period - Shot Misses the Net.
18:08 of 1st period - Snap shot by Evgeny Artyukhin.
18:08 of 1st period - Deflect By Michal Handzus.
18:08 of 1st period - Shot Blocked by Jaromir Jagr.
18:08 of 1st period - Puck is out of play.
18:09 of 1st period - John Tavares wins face-off versus Ryan O'Reilly in Sabres zone.
18:18 of 1st period - Snap shot by John Tavares.
18:18 of 1st period - Stopped by Robin Lehner with a rebound.
18:20 of 1st period - Slapshot by Radim Vrbata.
18:20 of 1st period - Stopped by Robin Lehner with a rebound.
18:22 of 1st period - Slapshot by Paul Martin.
18:22 of 1st period - Shot Misses the Net.
18:45 of 1st period - Jakub Kindl is hit by Ryan Getzlaf.
18:49 of 1st period - Evander Kane is hit by Scottie Upshall and loses puck.
19:02 of 1st period - Brandon Sutter is hit by Paul Martin and loses puck.
19:35 of 1st period - Snap shot by Evgeny Artyukhin.
19:35 of 1st period - Shot Misses the Net.
19:37 of 1st period - Slapshot by Paul Martin.
19:37 of 1st period - Shot Blocked by Randy Jones.
19:55 of 1st period - Snap shot by Zack Kassian.
19:55 of 1st period - Stopped by Miika Kiprusoff without a rebound.
19:56 of 1st period - Erik Christensen wins face-off versus Ryan Getzlaf in Stars zone.
Goals for this period are 0 for Sabres vs 0 for Stars.
Shots for this period are 11 for Sabres vs 4 for Stars.
2nd period
0:01 of 2nd period - John Tavares wins face-off versus Erik Christensen in neutral zone.
0:04 of 2nd period - Slapshot by Brian Lee.
0:04 of 2nd period - Stopped by Robin Lehner with a rebound.
0:06 of 2nd period - Slapshot by Trevor Daley.
0:06 of 2nd period - Shot Blocked by Jaromir Jagr.
0:08 of 2nd period - Snap shot by Radim Vrbata.
0:08 of 2nd period - Goal by Radim Vrbata - Sabres : 0 - Stars : 1.
0:09 of 2nd period - Ryan O'Reilly wins face-off versus John Tavares in neutral zone.
0:22 of 2nd period - Wrist shot by Scott Hartnell.
0:22 of 2nd period - Stopped by Robin Lehner without a rebound.
0:23 of 2nd period - John Tavares wins face-off versus Erik Christensen in Sabres zone.
0:26 of 2nd period - Slapshot by John Tavares.
0:26 of 2nd period - Stopped by Robin Lehner with a rebound.
0:54 of 2nd period - Backhand shot by Zack Kassian.
0:54 of 2nd period - Stopped by Miika Kiprusoff with a rebound.
0:56 of 2nd period - Snap shot by Matt Martin.
0:56 of 2nd period - Shot Misses the Net.
0:58 of 2nd period - Slapshot by Michael Kostka.
0:58 of 2nd period - Stopped by Miika Kiprusoff without a rebound.
0:59 of 2nd period - Ryan O'Reilly wins face-off versus Ryan Getzlaf in Stars zone.
1:24 of 2nd period - Snap shot by Zack Kassian.
1:24 of 2nd period - Stopped by Miika Kiprusoff with a rebound.
1:26 of 2nd period - Snap shot by Randy Jones.
1:26 of 2nd period - Shot Misses the Net.
1:28 of 2nd period - Wrist shot by Jordan Leopold.
1:28 of 2nd period - Shot Misses the Net.
1:30 of 2nd period - Snap shot by Ryan O'Reilly.
1:30 of 2nd period - Stopped by Miika Kiprusoff with a rebound.
1:32 of 2nd period - Wrist shot by Zack Kassian.
1:32 of 2nd period - Stopped by Miika Kiprusoff without a rebound.
1:33 of 2nd period - Erik Christensen wins face-off versus Ryan Getzlaf in Stars zone.
1:37 of 2nd period - Minor Penalty to Trevor Daley for Hooking.
1:38 of 2nd period - Michal Handzus wins face-off versus Erik Christensen in Stars zone.
2:58 of 2nd period - Wrist shot by T.J. Oshie.
2:58 of 2nd period - Shot Misses the Net.
3:04 of 2nd period - Paul Martin is hit by Kyle Okposo.
3:37 of 2nd period - Penalty to Trevor Daley is over, Trevor Daley is back on ice.
3:49 of 2nd period - Michael Kostka is hit by Scottie Upshall and loses puck.
3:56 of 2nd period - Snap shot by Scottie Upshall.
3:56 of 2nd period - Stopped by Robin Lehner with a rebound.
3:58 of 2nd period - Slapshot by Brian Lee.
3:58 of 2nd period - Shot Blocked by Mike Leclerc.
4:10 of 2nd period - Michael Kostka is hit by John Tavares and loses puck.
4:19 of 2nd period - Zach Bogosian is hit by Scott Hartnell and loses puck.
5:29 of 2nd period - Scottie Upshall is hit by Randy Jones and loses puck.
6:00 of 2nd period - Scottie Upshall is hit by J.T. Miller and loses puck.
6:11 of 2nd period - Snap shot by Evander Kane.
6:11 of 2nd period - Stopped by Miika Kiprusoff with a rebound.
7:09 of 2nd period - Snap shot by Kyle Okposo.
7:09 of 2nd period - Shot Misses the Net.
7:11 of 2nd period - Wrist shot by Brandon Sutter.
7:11 of 2nd period - Stopped by Miika Kiprusoff without a rebound.
7:12 of 2nd period - Michal Handzus wins face-off versus Ryan O'Reilly in Stars zone.
7:38 of 2nd period - Wrist shot by Michael Frolik.
7:38 of 2nd period - Shot Misses the Net.
7:48 of 2nd period - Slapshot by Zach Bogosian.
7:48 of 2nd period - Shot Blocked by Ryan Getzlaf.
8:18 of 2nd period - Shaone Morrisonn is hit by Jakub Kindl and loses puck.
9:16 of 2nd period - Michael Kostka is hit by Trevor Daley and loses puck.
10:11 of 2nd period - Slapshot by Radim Vrbata.
10:11 of 2nd period - Stopped by Robin Lehner with a rebound.
10:13 of 2nd period - Wrist shot by Paul Martin.
10:13 of 2nd period - Stopped by Robin Lehner without a rebound.
10:14 of 2nd period - Marcus Kruger wins face-off versus Patrice Cormier in Sabres zone.
10:20 of 2nd period - Off-side.
10:21 of 2nd period - Brandon Sutter wins face-off versus John Tavares in neutral zone.
10:28 of 2nd period - Jordan Leopold is hit by Radim Vrbata and loses puck.
10:51 of 2nd period - Slapshot by Erik Christensen.
10:51 of 2nd period - Shot Misses the Net.
10:53 of 2nd period - Snap shot by J.T. Miller.
10:53 of 2nd period - Shot Blocked by Brian Lee.
10:55 of 2nd period - Slapshot by Jordan Leopold.
10:55 of 2nd period - Stopped by Miika Kiprusoff without a rebound.
10:56 of 2nd period - Ryan Getzlaf wins face-off versus Erik Christensen in Stars zone.
10:56 of 2nd period - Ryan Getzlaf is hit by Erik Christensen.
11:35 of 2nd period - Minor Penalty to Johnny Oduya for Holding.
11:36 of 2nd period - Chris Kunitz wins face-off versus Kyle Okposo in Stars zone.
11:36 of 2nd period - Chris Kunitz is hit by Evander Kane.
12:02 of 2nd period - Snap shot by Ryan O'Reilly.
12:02 of 2nd period - Stopped by Miika Kiprusoff with a rebound.
12:04 of 2nd period - Snap shot by J.T. Miller.
12:04 of 2nd period - Deflect By Zack Kassian.
12:04 of 2nd period - Goal by Zack Kassian - Sabres : 1 - Stars : 1.
12:05 of 2nd period - Brandon Sutter wins face-off versus John Tavares in neutral zone.
12:38 of 2nd period - Slapshot by Ryan Getzlaf.
12:38 of 2nd period - Shot Blocked by Zach Bogosian.
12:40 of 2nd period - Snap shot by Trevor Daley.
12:40 of 2nd period - Shot Misses the Net.
12:42 of 2nd period - Wrist shot by Ryan Getzlaf.
12:42 of 2nd period - Stopped by Robin Lehner without a rebound.
12:43 of 2nd period - Michal Handzus wins face-off versus Erik Christensen in Sabres zone.
12:54 of 2nd period - Snap shot by Jaromir Jagr.
12:54 of 2nd period - Shot Misses the Net.
13:08 of 2nd period - Evander Kane is hit by Ryan Getzlaf and loses puck.
13:20 of 2nd period - Off-side.
13:21 of 2nd period - John Tavares wins face-off versus Ryan O'Reilly in neutral zone.
13:26 of 2nd period - Ryan O'Reilly is hit by John Tavares and loses puck.
13:47 of 2nd period - Michael Frolik is hit by Evander Kane and loses puck.
14:14 of 2nd period - Slapshot by Peter Worrell.
14:14 of 2nd period - Goal by Peter Worrell - Sabres : 1 - Stars : 2.
14:15 of 2nd period - Radim Vrbata wins face-off versus Brandon Sutter in neutral zone.
14:30 of 2nd period - Snap shot by Radim Vrbata.
14:30 of 2nd period - Stopped by Robin Lehner with a rebound.
14:42 of 2nd period - Paul Martin is hit by Matt Martin and loses puck.
15:11 of 2nd period - Slapshot by Randy Jones.
15:11 of 2nd period - Stopped by Miika Kiprusoff without a rebound.
15:12 of 2nd period - John Tavares wins face-off versus Brandon Sutter in Stars zone.
15:12 of 2nd period - John Tavares is hit by Kyle Okposo.
15:28 of 2nd period - Kyle Okposo is hit by Trevor Daley and loses puck.
15:39 of 2nd period - Randy Jones is hit by Scottie Upshall and loses puck.
15:58 of 2nd period - Slapshot by Shaone Morrisonn.
15:58 of 2nd period - Shot Blocked by Jordan Leopold.
16:06 of 2nd period - Evgeny Artyukhin is hit by J.T. Miller.
16:17 of 2nd period - Icing by Andrei Markov.
16:18 of 2nd period - Peter Worrell wins face-off versus Patrice Cormier in Stars zone.
16:29 of 2nd period - Slapshot by Zach Bogosian.
16:29 of 2nd period - Deflect By Patrik Elias.
16:29 of 2nd period - Shot Misses the Net.
16:29 of 2nd period - Puck is out of play.
16:30 of 2nd period - John Tavares wins face-off versus Brandon Sutter in Stars zone.
17:20 of 2nd period - Jaromir Jagr is hit by Johnny Oduya and loses puck.
17:29 of 2nd period - Slapshot by Evgeny Artyukhin.
17:29 of 2nd period - Shot Hit the Post.
17:31 of 2nd period - Slapshot by Michal Handzus.
17:31 of 2nd period - Stopped by Robin Lehner without a rebound.
17:32 of 2nd period - John Tavares wins face-off versus Evander Kane in Sabres zone.
17:49 of 2nd period - Slapshot by John Tavares.
17:49 of 2nd period - Shot Misses the Net.
18:30 of 2nd period - Michael Kostka is hit by Evgeny Artyukhin and loses puck.
18:41 of 2nd period - Chris Kunitz is hit by Michael Kostka and loses puck.
19:08 of 2nd period - Wrist shot by Kyle Okposo.
19:08 of 2nd period - Shot Misses the Net.
Goals for this period are 1 for Sabres vs 2 for Stars.
Shots for this period are 11 for Sabres vs 11 for Stars.
3rd period
0:01 of 3rd period - John Tavares wins face-off versus Zack Kassian in neutral zone.
0:08 of 3rd period - Slapshot by John Tavares.
0:08 of 3rd period - Stopped by Robin Lehner without a rebound.
0:09 of 3rd period - John Tavares wins face-off versus Ryan O'Reilly in Sabres zone.
0:17 of 3rd period - Minor Penalty to Zach Bogosian for Hooking.
0:18 of 3rd period - Patrik Elias wins face-off versus John Tavares in Sabres zone.
0:18 of 3rd period - Patrik Elias is hit by Brian Lee.
0:33 of 3rd period - Patrik Elias is hit by Brian Lee and loses puck.
2:11 of 3rd period - Jared Cowen is hit by T.J. Oshie and loses puck.
2:16 of 3rd period - Wrist shot by Evgeny Artyukhin.
2:16 of 3rd period - Stopped by Robin Lehner without a rebound.
2:17 of 3rd period - Penalty to Zach Bogosian is over, Zach Bogosian is back on ice.
2:17 of 3rd period - Erik Christensen wins face-off versus Evgeny Artyukhin in Sabres zone.
2:44 of 3rd period - Kyle Okposo is hit by Evgeny Artyukhin and loses puck.
2:53 of 3rd period - Minor Penalty to Evander Kane for Hooking.
2:54 of 3rd period - Jaromir Jagr wins face-off versus John Tavares in Sabres zone.
4:10 of 3rd period - Paul Martin is hit by Zach Bogosian.
4:38 of 3rd period - Brandon Sutter is hit by Radim Vrbata and loses puck.
4:53 of 3rd period - Penalty to Evander Kane is over, Evander Kane is back on ice.
5:21 of 3rd period - Wrist shot by Patrik Elias.
5:21 of 3rd period - Stopped by Miika Kiprusoff with a rebound.
5:24 of 3rd period - Icing by Andrei Markov.
5:25 of 3rd period - Michal Handzus wins face-off versus Patrice Cormier in Stars zone.
5:34 of 3rd period - Backhand shot by Peter Worrell.
5:34 of 3rd period - Shot Misses the Net.
6:18 of 3rd period - Icing by Johnny Oduya.
6:19 of 3rd period - Patrice Cormier wins face-off versus John Tavares in Stars zone.
6:54 of 3rd period - Snap shot by Radim Vrbata.
6:54 of 3rd period - Stopped by Robin Lehner with a rebound.
6:56 of 3rd period - Wrist shot by Radim Vrbata.
6:56 of 3rd period - Shot Misses the Net.
6:58 of 3rd period - Backhand shot by Paul Martin.
6:58 of 3rd period - Deflect By John Tavares.
6:58 of 3rd period - Shot Misses the Net.
6:58 of 3rd period - Puck is out of play.
6:59 of 3rd period - Ryan Getzlaf wins face-off versus Ryan O'Reilly in Sabres zone.
7:17 of 3rd period - Minor Penalty to Ryan Getzlaf for Tripping.
7:18 of 3rd period - Erik Christensen wins face-off versus Michal Handzus in Stars zone.
7:22 of 3rd period - Wrist shot by Evander Kane.
7:22 of 3rd period - Shot Misses the Net.
7:45 of 3rd period - Off-side.
7:46 of 3rd period - J.T. Miller wins face-off versus Marcus Kruger in neutral zone.
8:21 of 3rd period - Snap shot by Evander Kane.
8:21 of 3rd period - Goal by Evander Kane - Sabres : 2 - Stars : 2.
8:22 of 3rd period - Brandon Sutter wins face-off versus John Tavares in neutral zone.
8:33 of 3rd period - Wrist shot by Evander Kane.
8:33 of 3rd period - Shot Misses the Net.
8:35 of 3rd period - Wrist shot by Brandon Sutter.
8:35 of 3rd period - Goal by Brandon Sutter - Sabres : 3 - Stars : 2.
8:36 of 3rd period - John Tavares wins face-off versus Brandon Sutter in neutral zone.
8:41 of 3rd period - Slapshot by Brian Lee.
8:41 of 3rd period - Stopped by Robin Lehner with a rebound.
8:46 of 3rd period - Zach Bogosian is hit by Brian Lee.
8:50 of 3rd period - Snap shot by Evander Kane.
8:50 of 3rd period - Shot Blocked by Brian Lee.
8:52 of 3rd period - Wrist shot by Brandon Sutter.
8:52 of 3rd period - Shot Blocked by Brian Lee.
9:02 of 3rd period - Matt Martin is hit by Brian Lee and loses puck.
9:31 of 3rd period - Michal Handzus is hit by J.T. Miller and loses puck.
9:54 of 3rd period - Snap shot by Patrice Cormier.
9:54 of 3rd period - Stopped by Miika Kiprusoff with a rebound.
10:06 of 3rd period - Wrist shot by John Tavares.
10:06 of 3rd period - Shot Misses the Net.
10:08 of 3rd period - Snap shot by John Tavares.
10:08 of 3rd period - Stopped by Robin Lehner with a rebound.
10:10 of 3rd period - Slapshot by Johnny Oduya.
10:10 of 3rd period - Stopped by Robin Lehner with a rebound.
10:12 of 3rd period - Wrist shot by John Tavares.
10:12 of 3rd period - Shot Misses the Net.
10:16 of 3rd period - Wrist shot by John Tavares.
10:16 of 3rd period - Stopped by Robin Lehner without a rebound.
10:17 of 3rd period - Ryan Getzlaf wins face-off versus Ryan O'Reilly in Sabres zone.
10:21 of 3rd period - Slapshot by Ryan Getzlaf.
10:21 of 3rd period - Shot Misses the Net.
10:23 of 3rd period - Slapshot by Paul Martin.
10:23 of 3rd period - Stopped by Robin Lehner with a rebound.
10:25 of 3rd period - Wrist shot by Scottie Upshall.
10:25 of 3rd period - Stopped by Robin Lehner without a rebound.
10:26 of 3rd period - Ryan Getzlaf wins face-off versus Zack Kassian in Sabres zone.
10:31 of 3rd period - Wrist shot by Michael Frolik.
10:31 of 3rd period - Shot Misses the Net.
10:33 of 3rd period - Snap shot by Ryan Getzlaf.
10:33 of 3rd period - Shot Misses the Net.
10:35 of 3rd period - Snap shot by Scottie Upshall.
10:35 of 3rd period - Deflect By Michael Frolik.
10:35 of 3rd period - Shot Blocked by Zach Bogosian.
10:35 of 3rd period - Puck is out of play.
10:36 of 3rd period - Brandon Sutter wins face-off versus John Tavares in Sabres zone.
11:01 of 3rd period - Zach Bogosian is hit by Ryan Getzlaf and loses puck.
11:12 of 3rd period - Slapshot by Scottie Upshall.
11:12 of 3rd period - Stopped by Robin Lehner with a rebound.
11:18 of 3rd period - Minor Penalty to Erik Christensen for Roughing.
11:19 of 3rd period - John Tavares wins face-off versus Patrik Elias in Sabres zone.
11:22 of 3rd period - Snap shot by John Tavares.
11:22 of 3rd period - Shot Misses the Net.
11:24 of 3rd period - Snap shot by Scott Hartnell.
11:24 of 3rd period - Stopped by Robin Lehner with a rebound.
11:26 of 3rd period - Wrist shot by Brian Lee.
11:26 of 3rd period - Goal by Brian Lee - Sabres : 3 - Stars : 3.
11:27 of 3rd period - Brandon Sutter wins face-off versus John Tavares in neutral zone.
12:40 of 3rd period - Snap shot by Erik Christensen.
12:40 of 3rd period - Deflect By J.T. Miller.
12:40 of 3rd period - Stopped by Miika Kiprusoff with a rebound.
12:42 of 3rd period - Wrist shot by Jaromir Jagr.
12:42 of 3rd period - Stopped by Miika Kiprusoff without a rebound.
12:43 of 3rd period - Brandon Sutter wins face-off versus John Tavares in Stars zone.
12:52 of 3rd period - Slapshot by Paul Martin.
12:52 of 3rd period - Shot Misses the Net.
13:17 of 3rd period - Wrist shot by Michael Frolik.
13:17 of 3rd period - Shot Misses the Net.
13:19 of 3rd period - Slapshot by Michael Frolik.
13:19 of 3rd period - Stopped by Robin Lehner without a rebound.
13:20 of 3rd period - Erik Christensen wins face-off versus John Tavares in Sabres zone.
13:33 of 3rd period - Wrist shot by Erik Christensen.
13:33 of 3rd period - Stopped by Miika Kiprusoff without a rebound.
13:34 of 3rd period - John Tavares wins face-off versus Brandon Sutter in Stars zone.
13:53 of 3rd period - Radim Vrbata is hit by Jakub Kindl and loses puck.
14:37 of 3rd period - J.T. Miller is hit by Evgeny Artyukhin and loses puck.
14:44 of 3rd period - Peter Worrell is hit by Jaromir Jagr and loses puck.
15:49 of 3rd period - Scottie Upshall is hit by Matt Martin and loses puck.
16:04 of 3rd period - Slapshot by Michael Frolik.
16:04 of 3rd period - Stopped by Robin Lehner without a rebound.
16:05 of 3rd period - Michal Handzus wins face-off versus Erik Christensen in Sabres zone.
16:06 of 3rd period - Snap shot by Evgeny Artyukhin.
16:06 of 3rd period - Goal by Evgeny Artyukhin - Sabres : 3 - Stars : 4.
16:07 of 3rd period - Michal Handzus wins face-off versus Ryan O'Reilly in neutral zone.
16:15 of 3rd period - Wrist shot by Evgeny Artyukhin.
16:15 of 3rd period - Stopped by Robin Lehner without a rebound.
16:16 of 3rd period - Matt Martin wins face-off versus Michal Handzus in Sabres zone.
16:16 of 3rd period - Matt Martin is hit by Brian Lee.
16:34 of 3rd period - Slapshot by Brian Lee.
16:34 of 3rd period - Shot Blocked by Zack Kassian.
16:36 of 3rd period - Snap shot by Evgeny Artyukhin.
16:36 of 3rd period - Goal by Evgeny Artyukhin - Sabres : 3 - Stars : 5.
16:37 of 3rd period - Michal Handzus wins face-off versus Ryan O'Reilly in neutral zone.
16:52 of 3rd period - Wrist shot by Evgeny Artyukhin.
16:52 of 3rd period - Stopped by Robin Lehner with a rebound.
17:02 of 3rd period - Jared Cowen is hit by T.J. Oshie.
17:30 of 3rd period - Snap shot by John Tavares.
17:30 of 3rd period - Shot Blocked by Michael Kostka.
17:40 of 3rd period - Michael Kostka is hit by Trevor Daley and loses puck.
18:20 of 3rd period - Radim Vrbata is hit by J.T. Miller and loses puck.
19:04 of 3rd period - Slapshot by Michael Kostka.
19:04 of 3rd period - Stopped by Miika Kiprusoff with a rebound.
19:06 of 3rd period - Snap shot by Jaromir Jagr.
19:06 of 3rd period - Shot Blocked by Brian Lee.
19:16 of 3rd period - Erik Christensen is hit by Scott Hartnell and loses puck.
19:30 of 3rd period - Off-side.
19:31 of 3rd period - Zack Kassian wins face-off versus Evgeny Artyukhin in neutral zone.
Goals for this period are 2 for Sabres vs 3 for Stars.
Shots for this period are 8 for Sabres vs 18 for Stars.
Back to the Top